 Dungeon Crawl Stone Soup version 0.31-a0-210-gccc998df9b (webtiles) character file.

Game seed: 3358999266038211711

233 kae the Changer (level 6, -2/51 HPs)
             Began as a Naga Transmuter on June 29, 2023.
             Slain by an orc
             ... wielding a +0 whip
              (6 damage)
             ... on level 4 of the Dungeon.
             The game lasted 00:05:05 (2844 turns).

kae the Changer (Naga Transmuter)                   Turns: 2844, Time: 00:05:06

Health: -2/51      AC:  4    Str: 13    XL:     6   Next: 4%
Magic:  2/10       EV:  9    Int: 15    God:
Gold:   175        SH:  0    Dex: 11    Spells: 1/11 levels left

rFire   . .          .
                       - Unarmed
rCold   . . .        (no shield)
rNeg    . . .        a - +1 robe
rPois   +            (no helmet)
rElec   .            (no cloak)
rCorr   .            (no gloves)
SInv    +            (no barding)
Will    .....        (no amulet)
Stlth   +            (no ring)
HPRegen 0.28/turn    (no ring)
MPRegen 0.12/turn

%: no passive effects
@: about to teleport, wereblooded, very slightly contaminated, very slow
A: AC +2, large, see invisible, deformed body, poison resistance, slowness 2,
spit poison 1, naga tail 1
a: Spit Poison


You were on level 4 of the Dungeon.
You visited 1 branch of the dungeon, and saw 3 of its levels.
You also visited: Ossuary.

You collected 175 gold pieces.


Innate Abilities, Weirdness & Mutations

Your serpentine skin is tough. (AC +2)
You have supernaturally acute eyesight. (SInv)
Armour fits poorly on your strangely shaped body.
Your system is resistant to poisons. (rPois)
You cover ground very slowly.
You can spit poison.
You have a snake-like lower body.


   Skills:
 - Level 1.0 Fighting
 - Level 1.5 Dodging
 + Level 3.9 Unarmed Combat
 - Level 3.0 Spellcasting
 * Level 4.2 Transmutations
 * Level 1.3 Ice Magic
 - Level 2.0 Poison Magic


You had one spell level left.
You knew the following spells:

 Your Spells              Type           Power      Damage    Failure   Level
a - Beastly Appendage     Tmut           28%        N/A       3%          1
b - Wereblood             Tmut           14%        N/A       5%          2
c - Spider Form           Tmut/Pois      11%        N/A       17%         3
d - Ice Form              Ice/Tmut       10%        N/A       54%         4

Your spell library contained the following spells:

 Spells                   Type           Power      Damage    Failure   Level
 Necrotise                Necr           8%         1d4       21%         1
 Call Canine Familiar     Summ           2%         N/A       52%         3
 Portal Projectile        Hex/Tloc       4%         N/A       52%         3
 Vampiric Draining        Necr           2%         2d6       52%         3
 Leda's Liquefaction      Hex/Erth       1%         N/A       89%         4
 Agony                    Necr           2%         N/A       99%         5

Inventory:

Missiles
 e - 40 stones
 k - 3 poisoned darts
Armour
 a - a +1 robe (worn)
Jewellery
 E - a +5 ring of evasion
   (You took it off a gnoll on level 4 of the Dungeon)
Wands
 c - a wand of light (12)
   (You found it on level 4 of the Dungeon)
Scrolls
 b - a scroll of teleportation {@r4}
 d - 3 scrolls of identify {@r1}
Potions
 h - a potion of degeneration {!q}
 i - 2 potions of curing {@q1}
 l - a potion of mutation {!q}

Dungeon Overview and Level Annotations

Branches:
Dungeon (4/15) Zot: 15539 Ossuary (visited)
 Temple: D:4-7

Altars:

.# ..# .# #.# .# ..##.##
.# #. ...# . .# #. #..#
#.. .# #. #..## ...# .#
#.##...##.w# ....#
#####.#..o....# .##.#
#.......##@#### .#
..#.####.##.oo# .#
.####... #)#$8.8.# .#
....##..# #)#..$$.# .# .#
... ... #.#$8.8$# .#
.##.. #.##.##._.## ###.#
.#..
#....######.######...#
)#.#
###..####.#..........#
.#.#
...###.......##.######..#


You could see an orc priest, a dart slug and 2 orcs.


Message History

You bite the worm!
You kill the worm! 😮 HP[+1] MP[+1] Unknown command.
You bite the orc!
You kill the orc!
Items here: )) [ †.
Unknown command.
You hit the orc.
You kill the orc!
Unknown command.
You barely miss the orc. The orc closely misses you. 😮 HP[+1]
You barely miss the orc. The orc misses you.
Unknown command.
You hit the orc. The orc completely misses you.
You hit the orc.
You kill the orc!
Items here: )) [ †. 😮 HP[+1] MP[+1] Unknown command.
Your transformation is almost over. 😮 HP[+1]
You pick up a book of the Hunter and begin reading...
You add the spells Call Canine Familiar, Portal Projectile and Leda's Liquefaction to your library.
There are no items here.
You open the door.
An orc priest and 2 orcs come into view.
The orc shouts!
Found 58 gold pieces.
Found a roughly hewn altar of Beogh. 😮 HP[+1] Unknown command.
You close the door.
Casting: Spider Form (quite dangerous; 36% risk of failure)
Confirm with . or Enter, or press ? or * to list all spells.
You miscast Wereblood.
Nothing appears to happen. 😮 MP[-1]
You lost 1 mp, and now have 3/10 mp.
Casting: Wereblood (safe; 16% risk of failure)
Confirm with . or Enter, or press ? or * to list all spells.
Your blood is infused with primal strength.
An orc opens the door.
Your transformation has ended.
Your +1 robe unmelds from your body. 😮 HP[+1] MP[-2]
You lost 2 mp, and now have 1/10 mp.
The orc shouts!
You hit the orc. The orc hits you with a +0 whip.
The orc priest miscasts a cantrip.
A dart slug comes into view.
There is an open door here. 😮 HP[-4]
You take 4 damage, and now have 30/51 hp.
You barely miss the orc priest.
The orc priest hits you but does no damage.
The orc hits you but does no damage. 😮 HP[+1] Unknown command.
You hit the orc. The orc hits you with a +0 short sword.
The orc priest looks braver for a moment.
The orc hits you with a +0 whip.
* * * LOW HITPOINT WARNING * * *
😨 HP[-9]
You take 9 damage, and now have 22/51 hp.
Unknown command.
You closely miss the orc. The orc priest hits you with a +0 club.
* * * LOW HITPOINT WARNING * * *
The orc hits you but does no damage. The orc closely misses you. 😨 HP[-5]
You take 5 damage, and now have 17/51 hp.
You hit the orc but do no damage. The orc priest hits you with a +0 club.
* * * LOW HITPOINT WARNING * * *
The orc hits you with a +0 short sword.
* * * LOW HITPOINT WARNING * * *
The orc closely misses you. 😨 HP[-3] MP[+1]
You take 3 damage, and now have 14/51 hp.
Unknown command.
You hit the orc priest but do no damage.
The dart slug launches a dart at you. The slug dart hits you.
* * * LOW HITPOINT WARNING * * *
The orc hits you with a +0 short sword.
* * * LOW HITPOINT WARNING * * *
The orc hits you but does no damage.
The orc priest barely misses you. 😱 HP[-6]
You take 6 damage, and now have 8/51 hp.
Okay, then.
As you read the scroll of teleportation {@r4}, it crumbles to dust.
You feel strangely unstable. The orc hits you but does no damage.
The orc priest hits you with a +0 club.
* * * LOW HITPOINT WARNING * * *
The orc hits you with a +0 whip.
* * * LOW HITPOINT WARNING * * *
😱 HP[-4]
You take 4 damage, and now have 4/51 hp.
The orc attacks as you move away! The orc hits you with a +0 whip.
You die...

Skill      XL: |  1  2  3  4  5 |
---------------+----------------+-----
Transmutations | 3 4 |  4.2
Poison Magic   | 1 2 |  2.0
Spellcasting   | 3 |  3.0
Ice Magic      | 1 |  1.3
Fighting       | |  1.0
Dodging        | |  1.5
Unarmed Combat | |  3.9

Action                     |  1- 3 |  4- 6 || total
---------------------------+-------+-------++-------
  Melee: Unarmed           |    62 |   208 ||   270
         Headbutt          |     7 |    19 ||    26
         Punch             |     2 |     2 ||     4
   Cast: Beastly Appendage |    19 |    14 ||    33
         Spider Form       |     1 |     5 ||     6
         Wereblood         |       |     7 ||     7
         Ice Form          |       |     2 ||     2
Ability: Spit Poison       |    27 |     2 ||    29
    Use: Potion            |     4 |       ||     4
         Scroll            |     2 |    10 ||    12
   Stab: Sleeping          |       |     1 ||     1
 Armour: Robe              |    12 |    25 ||    37
         Skin              |     6 |    18 ||    24
  Dodge: Dodged            |    47 |    91 ||   138

Levels and vault maps discovered:
D:1:      lemuel_arrival_tunnels, layout_basic
D:2:      layout_loops_ring
D:4:      layout_rooms, mainiacjoe_overflow_swirl, enter_ossuary_4,
          kennysheep_orc_chapel

Notes
Turn   | Place    | Note
-------+----------+-------------------------------------------
     0 | D:1      | kae the Naga Transmuter began the quest for the Orb.
     0 | D:1      | Reached XP level 1. HP: 18/18 MP: 3/3
     0 | D:1      | magus.rc [v1.11.3]
    30 | D:1      | You pick up a book of Necromancy and begin reading...
    30 | D:1      | You add the spells Necrotise, Vampiric Draining and Agony
                  | to your library.
   376 | D:1      | Reached XP level 2. HP: 25/25 MP: 3/5
   403 | D:1      | HP: 6/25 [jackal (2)]
   405 | D:1      | HP: 2/25 [jackal (1)]
  1015 | D:2      | Reached XP level 3. HP: 19/31 MP: 4/6
  1134 | D:2      | Learned a level 2 spell: Wereblood
  1138 | D:2      | Learned a level 3 spell: Spider Form
  1350 | D:2      | Reached skill level 3 in Transmutations
  1511 | D:2      | You fall into a shaft and drop 2 floors!
  1528 | D:4      | HP: 7/31 [gnoll/+0 halberd (4)]
  1529 | D:4      | Reached skill level 1 in Poison Magic
  1529 | D:4      | HP: 3/31 [kobold/+0 short sword (4)]
  1544 | D:4      | Reached XP level 4. HP: 38/38 MP: 3/7
  1680 | D:4      | Reached skill level 2 in Poison Magic
  1680 | D:4      | Reached XP level 5. HP: 38/44 MP: 4/9
  1713 | D:4      | Found a sand-covered staircase.
  1720 | Ossuary  | Entered an ossuary
  2161 | Ossuary  | Reached skill level 3 in Spellcasting
  2232 | Ossuary  | Learned a level 4 spell: Ice Form
  2711 | D:4      | Reached skill level 4 in Transmutations
  2813 | D:4      | Reached skill level 1 in Ice Magic
  2813 | D:4      | Reached XP level 6. HP: 37/51 MP: 2/10
  2830 | D:4      | You pick up a book of the Hunter and begin reading...
  2830 | D:4      | You add the spells Call Canine Familiar, Portal Projectile
                  | and Leda's Liquefaction to your library.
  2842 | D:4      | HP: 9/51 [dart slug/slug dart (5)]
  2843 | D:4      | HP: 4/51 [orc/+0 whip (3)]
  2844 | D:4      | Slain by an orc

Vanquished Creatures
  A jelly (D:4)
  An orc wizard (D:4)
  A mummy (Ossuary)
  3 gnolls (D:4)
  2 adders (D:4)
  3 worms
  A dart slug (D:2)
  7 orcs (D:4)
  A spectral bat (Ossuary)
  5 ball pythons
  4 endoplasms
  2 giant cockroaches
  12 gnoll zombies (Ossuary)
  6 goblins
  5 hobgoblins
  2 jackals (D:1)
  4 kobolds
  A quokka (D:2)
  3 bats
  6 bat simulacra (Ossuary)
  A frilled lizard (D:1)
  A goblin simulacrum (Ossuary)
  2 goblin zombies (Ossuary)
  6 hobgoblin zombies (Ossuary)
  5 kobold simulacra (Ossuary)
  5 kobold zombies (Ossuary)
  5 orc zombies (Ossuary)
  2 quokka zombies (D:4)
  A rat (D:1)
  A spectral goblin (Ossuary)
  6 spectral kobolds (Ossuary)
  7 spectral rats (Ossuary)
112 creatures vanquished.

Table legend:
 A = Non-vault XP
 B = Vault XP
 C = Vault XP percentage of total XP
 D = Non-vault monster count
 E = Vault monster count
 F = Vault count percentage of total count
                 A         B        C        D         E       F
            +---------+---------+-------+---------+---------+-------
      Total |     246 |      87 |  26.1 |      52 |      60 |  53.6
            +---------+---------+-------+---------+---------+-------
        D:1 |      31 |       0 |   0.0 |      18 |       0 |   0.0
        D:2 |      33 |       0 |   0.0 |      13 |       0 |   0.0
        D:4 |     182 |       2 |   1.1 |      21 |       2 |   8.7
    Ossuary |       0 |      85 | 100.0 |       0 |      58 | 100.0
            +---------+---------+-------+---------+---------+-------

Skill      XL: |  1  2  3  4  5 |
---------------+----------------+-----
Transmutations | 3 4 |  4.2
Poison Magic   | 1 2 |  2.0
Spellcasting   | 3 |  3.0
Ice Magic      | 1 |  1.3
Fighting       | |  1.0
Dodging        | |  1.5
Unarmed Combat | |  3.9

Action                     |  1- 3 |  4- 6 || total
---------------------------+-------+-------++-------
  Melee: Unarmed           |    62 |   208 ||   270
         Headbutt          |     7 |    19 ||    26
         Punch             |     2 |     2 ||     4
   Cast: Beastly Appendage |    19 |    14 ||    33
         Spider Form       |     1 |     5 ||     6
         Wereblood         |       |     7 ||     7
         Ice Form          |       |     2 ||     2
Ability: Spit Poison       |    27 |     2 ||    29
    Use: Potion            |     4 |       ||     4
         Scroll            |     2 |    10 ||    12
   Stab: Sleeping          |       |     1 ||     1
 Armour: Robe              |    12 |    25 ||    37
         Skin              |     6 |    18 ||    24
  Dodge: Dodged            |    47 |    91 ||   138

Illustrated notes

Table legend:
 A = Kills in this place as a percentage of kills in the entire game.
 B = Kills by you in this place as a percentage of kills by you in the entire game.
 C = Kills by friends in this place as a percentage of kills by friends in the entire game.
 D = Other kills in this place as a percentage of other kills in the entire game.
 E = Experience gained in this place as a percentage of experience gained in the entire game.
 F = Experience gained in this place divided by the number of levels of this place that you have seen.
                   A       B       C       D       E      F
               +-------+-------+-------+-------+-------+----------------------
         Total | 100.0 | 100.0 |   N/A |   N/A | 100.0 |  83.2
       Dungeon |  48.2 |  48.2 |   N/A |   N/A |  74.5 |  82.7
       Ossuary |  51.8 |  51.8 |   N/A |   N/A |  25.5 |  85.0
               +-------+-------+-------+-------+-------+----------------------

Table legend: (Time is in decaauts)
 A = Elapsed time spent in this place.
 B = Non-inter-level travel time spent in this place.
 C = Inter-level travel time spent in this place.
 D = Time resting spent in this place.
 E = Time spent auto-exploring this place.
 F = Levels seen in this place.
 G = Mean time per level.
                   A        B        C        D        E       F      G
               +--------+--------+--------+--------+--------+-----+--------+
         Total |   3467 |   3395 |     72 |    256 |   2186 |   4 |  866.8 |
       Dungeon |   2460 |   2388 |     72 |    119 |   1755 |   3 |  820.0 |
       Ossuary |   1006 |   1006 |      0 |    137 |    431 |   1 | 1006.0 |
               +--------+--------+--------+--------+--------+-----+--------+

Top non-repeatable levels by time:
     D:1: 1319 daAuts
 Ossuary: 1006 daAuts
     D:2: 607 daAuts
     D:4: 533 daAuts
